 Dungeon Crawl Stone Soup version 0.22.1-6-g1668fe2 (webtiles) character file.

70 Fliddo the Magician (level 4, 0/39 HPs)
             Began as a Troll Wizard on Jan 21, 2019.
             Slain by a jackal (2 damage)
             ... on level 2 of the Dungeon.
             The game lasted 00:10:30 (1214 turns).

Fliddo the Magician (Troll Wizard)                  Turns: 1214, Time: 00:10:31

Health: 0/39       AC:  3    Str: 15    XL:     4   Next: 3%
Magic:  2/6        EV:  9    Int: 15    God:
Gold:   51         SH:  0    Dex:  8    Spells: 7/8 levels left

rFire    . . .     SeeInvis .   o - +3 quarterstaff (chaos)
rCold    . . .     Gourm    +   (shield currently unavailable)
rNeg     . . .     Faith    .   j - -2 robe (curse)
rPois    .         Spirit   .   b - +0 hat
rElec    .         Reflect  .   (no cloak)
rCorr    .         Harm     .   (gloves unavailable)
MR       .....                  (boots unavailable)
Stlth    +.........             (no amulet)
HPRegen  0.53/turn              (no ring)
MPRegen  0.10/turn              (no ring)

@: no status effects
A: large, unfitting armour, claws 3, fast metabolism 3, gourmand, regeneration
1, shaggy fur 1, tough skin 2
a: no special abilities


You were on level 2 of the Dungeon.
You were not hungry.

You visited 1 branch of the dungeon, and saw 2 of its levels.

You collected 51 gold pieces.

Inventory:

Hand Weapons
 o - a +3 quarterstaff of chaos (weapon)
Armour
 a - a +0 robe
 b - a +0 hat (worn)
 j - a cursed -2 robe (worn)
 p - a cursed +0 cloak
Jewellery
 f - an uncursed ring of protection from cold {unknown}
Scrolls
 e - a scroll of immolation {unknown}
 g - a scroll of fog {unknown}
 h - a scroll of amnesia {unknown}
 i - a scroll of teleportation {unknown}
 l - a scroll of identify {unknown}
 m - 2 scrolls of blinking {unknown}
Comestibles
 c - 3 chunks of flesh
 d - 3 rations


   Skills:
 - Level 1.5 Dodging
 - Level 1.0 Stealth
 + Level 2.6 Spellcasting
 + Level 2.0 Conjurations
   Level 0.6 Summonings
   Level 0.6 Translocations


You had 7 spell levels left.
You knew the following spells:

 Your Spells              Type           Power        Failure   Level  Hunger
a - Magic Dart            Conj           #...         9%          1    #......

Your spell library contained the following spells:

 Spells                   Type           Power        Failure   Level  Hunger
 Blink                    Tloc           N/A          24%         2    ###....
 Call Imp                 Summ           #.......     24%         2    ###....
 Slow                     Hex            #.......     32%         2    ###....
 Conjure Flame            Conj/Fire      #.......     38%         3    ###....
 Mephitic Cloud           Conj/Pois/Air  #.......     43%         3    ###....


Dungeon Overview and Level Annotations

Branches:
Dungeon (2/15)

Altars:

Annotations:
D:2 Robin


Innate Abilities, Weirdness & Mutations

You are too large for most types of armour.
You have claws for hands.
Your metabolism is lightning-fast.
You like to eat raw meat.
Your natural rate of healing is unusually fast.
You are covered in fur. (AC +1)
You have very tough skin. (AC +2)


Message History

It was a potion of curing.
You feel better. The jackal barely misses you. Something hits you.
You feel better.
The jackal bites you but does no damage.
The jackal bites you. Something hits you!
* * * LOW HITPOINT WARNING * * *
You completely miss something.
A goblin comes into view.
The jackal barely misses you. Something hits you.
* * * LOW HITPOINT WARNING * * *
A jackal comes into view.
The jackal bites you but does no damage.
You closely miss the jackal.
The goblin shouts!
The jackal bites you but does no damage.
Something hits you.
* * * LOW HITPOINT WARNING * * *
The jackal barely misses you.
You barely miss something. The jackal bites you.
You die...

### .[# . #.# .. #g# ##.
#.# ..r #.##.##
#.#.h.##.. ####
#######{h)...... )..###
##P.#.##@#...####
...).####......#.##.##
...##..#.P.....(.# .#
#######.#.P.####.# .
####### #.######
#......# #
###########.##.##
..######...............#
.......)..########.##..#


You could see 2 jackals, a goblin and a rat.

Vanquished Creatures
  Crazy Yiuf (D:2)
  An ooze (D:1)
  A worm (D:2)
  2 dart slugs (D:1)
  A ball python (D:1)
  A giant cockroach (D:1)
  7 goblins
  4 hobgoblins
  2 bats
  2 frilled lizards
  7 kobolds
  2 rats (D:1)
31 creatures vanquished.

Notes
Turn   | Place    | Note
-------+----------+-------------------------------------------
     0 | D:1      | Fliddo the Troll Wizard began the quest for the Orb.
     0 | D:1      | Reached XP level 1. HP: 16/16 MP: 2/2
   100 | D:1      | Reached skill level 1 in Conjurations
   211 | D:1      | Reached XP level 2. HP: 24/24 MP: 0/4
  1040 | D:2      | Reached XP level 3. HP: 26/31 MP: 1/5
  1103 | D:2      | Found a runed door.
  1107 | D:2      | Noticed Crazy Yiuf
  1117 | D:2      | Killed Crazy Yiuf
  1190 | D:2      | Noticed Robin
  1202 | D:2      | Reached XP level 4. HP: 24/39 MP: 0/6
  1213 | D:2      | HP: 1/39 [something (6)]
  1214 | D:2      | Slain by a jackal

Skill      XL: |  1  2  3 |
---------------+----------+-----
Conjurations   | 1 2 |  2.0
Dodging        | |  1.5
Stealth        | |  1.0
Spellcasting   | |  2.6
Summonings     | |  0.6
Translocations | |  0.6

Action                   |  1- 3 |  4- 6 || total
-------------------------+-------+-------++-------
Melee: Short sword       |    58 |       ||    58
       Unarmed           |     4 |       ||     4
       Quarterstaff      |    11 |     9 ||    20
 Cast: Magic Dart        |    39 |       ||    39
  Use: Potion            |       |     2 ||     2
  Eat: Chunk             |    12 |       ||    12
Armor: Robe              |    21 |     6 ||    27
Dodge: Dodged            |    32 |     5 ||    37
